 Dungeon Crawl Stone Soup version 0.28-a0-883-gc8d7bad45d (webtiles) character file.

Game seed: 7272432045161002863

710199 Turgor the Sorcerer (level 27, -13/213 HPs)
             Began as a Djinni Fire Elementalist on Nov 19, 2021.
             Was the Champion of Makhleb.
             Mangled by an Orb Guardian (44 damage)
             ... on level 5 of the Realm of Zot on Nov 22, 2021.
             The game lasted 16:38:57 (71889 turns).

Turgor the Sorcerer (Djinni Fire Elementalist)     Turns: 71889, Time: 16:38:57

Health: -13/213    AC: 33    Str: 13    XL:     27
Gold:   8196       EV: 18    Int: 23    God:    Makhleb [******] SH: 17 Dex: 22

rFire   + + .      SeeInvis +   H - +9 staff of Olgreb {rPois∞}
rCold   + + .      Faith    .   V - +2 kite shield {rN+}
rNeg    + + .      Spirit   .   p - +9 ice dragon scales
rPois   ∞          Reflect  .   (no helmet)
rElec   +          Harm     .   F - +2 cloak {Will+}
rCorr   +          Rampage  .   y - +0 pair of gloves of Laseojaq {rElec rCorr}
Will    +++..                   (boots unavailable)
Stlth   ++........              W - amulet of regeneration
HPRegen 1.45/turn               l - ring of Owikich {Ice rN+ Stlth+}
MPRegen 0.00/turn               G - ring of Xom's Amusement {rF++ Dex+5 SInv}

@: about to teleport, flying, hasted, studying 3 skills, very quick
A: sickness immunity, fire resistance 2, cold vulnerability 1, float, innate
caster, hp casting, extra vitality 1, iridescent scales 1, screaming 2, strong
1, subdued magic 1, MP-powered wands
}: 5/15 runes: serpentine, barnacled, slimy, silver, abyssal
a: Renounce Religion, Evoke the Staff of Olgreb, Minor Destruction, Lesser
Servant of Makhleb, Major Destruction, Greater Servant of Makhleb


You were on level 5 of the Realm of Zot.
You worshipped Makhleb.
Makhleb was exalted by your worship.
You visited 12 branches of the dungeon, and saw 57 of its levels.
You visited the Abyss 1 time.
You visited 1 bazaar.
You also visited: Sewer and Desolation.

You collected 11882 gold pieces.
You spent 3686 gold pieces at shops.

Inventory:

Hand Weapons
 i - a +9 trishula of holy wrath
 H - the +9 staff of Olgreb (weapon) {rPois∞}
   (You found it on level 11 of the Dungeon)

   If the wielder is skilled in Evocations, they can envenom those struck by it,
   dealing poison damage which bypasses armour.
   It enhances your poison magic.
   It grants immunity to poison.
   It can be evoked to radiate toxic energy, with effectiveness depending on
   Evocations skill.
Missiles
 k - 9 throwing nets
 U - 12 silver javelins (quivered)
Armour
 p - +9 ice dragon scales (worn)
 y - the +0 pair of gloves of Laseojaq (worn) {rElec rCorr}
   (You acquired it on level 9 of the Dungeon)

   rElec:     It insulates you from electricity.
   rCorr:     It protects you from acid and corrosion.
 F - a +2 cloak of willpower (worn)
 P - the +8 pearl dragon scales "Dunwo" {Harm rF+ rN+ Str+2 Dex-2}
   (You found it on level 3 of the Elven Halls)

   Str:       It affects your strength (+2).
   Dex:       It affects your dexterity (-2).
   rF:        It protects you from fire.
   rN:        It protects you from negative energy.
   Harm:      It increases damage dealt and taken.
 R - the +2 helmet of the Thirteen Thickets {Regen+ rCorr Dex+3}
   (You found it on level 1 of the Lair of Beasts)

   Dex:       It affects your dexterity (+3).
   Regen:     It increases your rate of health regeneration.
   rCorr:     It protects you from acid and corrosion.
 V - a +2 kite shield of positive energy (worn)
Magical Staves
 c - a staff of cold
 j - a staff of conjuration
Jewellery
 l - the ring of Owikich (left hand) {Ice rN+ Stlth+}
   (You found it on level 3 of the Elven Halls)

   [ring of ice]

   It enhances your ice magic.
   rF:        It makes you vulnerable to fire.
   rC:        It protects you from cold.
   rN:        It protects you from negative energy.
   Stlth:     It makes you more stealthy.
 r - the ring "Ninalamn" {rElec rPois rN+ Dex+4}
   (You found it on level 3 of the Crypt)

   [ring of positive energy]

   Dex:       It affects your dexterity (+4).
   rElec:     It insulates you from electricity.
   rPois:     It protects you from poison.
   rN:        It protects you from negative energy.
 D - the ring of Hibbae {rC+ Int+6}
   (You found it on level 3 of the Elven Halls)

   [ring of intelligence]

   Int:       It affects your intelligence (+6).
   rC:        It protects you from cold.
 G - the ring of Xom's Amusement (right hand) {rF++ Dex+5 SInv}
   (You acquired it in a bazaar)

   [ring of see invisible]

   Dex:       It affects your dexterity (+5).
   rF:        It greatly protects you from fire.
   SInv:      It lets you see invisible.
 K - the ring of Odotuja {rN+ Dex+4}
   (You acquired it on level 6 of the Lair of Beasts)

   [ring of positive energy]

   Dex:       It affects your dexterity (+4).
   rN:        It protects you from negative energy.
 W - an amulet of regeneration (around neck)
 X - the ring "Piow" {Fly Str+6 Int+4 Dex+3}
   (You bought it in a shop on level 2 of the Snake Pit)

   [ring of strength]

   Str:       It affects your strength (+6).
   Int:       It affects your intelligence (+4).
   Dex:       It affects your dexterity (+3).
   Fly:       It grants you flight.
Wands
 e - a wand of charming (37)
 z - a wand of digging (11)
 J - a wand of acid (40)
Scrolls
 a - 5 scrolls of holy word
 b - 10 scrolls of fog
 o - 7 scrolls of vulnerability
 u - 14 scrolls of teleportation
 B - 4 scrolls of silence
 C - 6 scrolls of immolation
 I - 4 scrolls of magic mapping
 L - 7 scrolls of enchant weapon
 N - 3 scrolls of blinking
 S - 9 scrolls of fear
 Z - 3 scrolls of summoning
Potions
 f - 25 potions of curing
 h - 4 potions of resistance
 m - 4 potions of ambrosia
 n - 9 potions of lignification
 q - 3 potions of mutation
 s - 7 potions of heal wounds
 t - 8 potions of might
 w - 3 potions of brilliance
 x - 4 potions of invisibility
 A - 3 potions of haste
 O - 2 potions of cancellation
Miscellaneous
 d - a tin of tremorstones (2/2)
 g - a condenser vane
 v - a lightning rod (4/4)
 E - a phantom mirror
 M - a box of beasts
 T - a phial of floods


   Skills:
 + Level 22.7 Fighting
 - Level 12.2(14.0) Polearms
 - Level 12.0(14.5) Staves
 - Level 7.1 Bows
 + Level 19.8 Armour
 - Level 15.0 Dodging
 - Level 1.5 Stealth
 * Level 14.4 Shields
 * Level 26.4 Spellcasting
 - Level 13.0 Invocations
 - Level 11.0 Evocations


You couldn't memorise any spells.
You knew the following spells:

 Your Spells              Type           Power      Damage    Failure   Level
a - Foxfire               Conj/Fire      100%       2x1d9     0%          1
b - Scorch                Fire           100%       2d10      0%          2
c - Conjure Flame         Conj/Fire      86%        6-21      0%          3
d - Inner Flame           Hex/Fire       86%        N/A       0%          3
e - Flame Wave            Conj/Fire      86%        3d14      0%          4
f - Animate Skeleton      Necr           100%       N/A       0%          1
g - Wereblood             Tmut           86%        N/A       0%          2
h - Call Canine Familiar  Summ           86%        N/A       0%          3
i - Lesser Beckoning      Tloc           86%        N/A       0%          3
j - Borgnjor's Vile Clut  Necr/Erth      43%        N/A       0%          5
k - Freezing Cloud        Conj/Ice/Air   54%        6-21      0%          5
l - Simulacrum            Ice/Necr       54%        N/A       0%          6
m - Death Channel         Necr           43%        N/A       0%          6
n - Conjure Ball Lightni  Conj/Air       43%        3x3d15    0%          6
o - Lehudib's Crystal Sp  Conj/Erth      43%        10d10     1%          8
p - Dragon Form           Tmut           43%        N/A       1%          7
q - Death's Door          Necr           43%        N/A       5%          9
r - Polar Vortex          Ice            54%        N/A       5%          9
Your spell library was empty.

Dungeon Overview and Level Annotations

Branches:
Dungeon (15/15)            Temple (1/1) D:5            Lair (6/6) D:8
 Shoals (4/4) Lair:4        Snake (4/4) Lair:3        Slime (5/5) Lair:6
    Orc (2/2) D:9             Elf (3/3) Orc:2        Vaults (5/5) D:13
  Crypt (3/3) Vaults:2       Tomb (0/3) Crypt:3      Depths (4/4) D:15
    Zot (5/5) Depths:4      Sewer (visited)         Desolation (visited)

Altars:
Ashenzari
Cheibriados
Dithmenos
Elyvilon
Fedhas
Gozag
Hepliaklqana
Kikubaaqudgha
Makhleb
Okawaru
Ru
Vehumet
Xom
Yredelemnul
Zin
The Shining One
Beogh
Jiyva
Lugonu

Shops:
Orc:2 *=?!   Elf:1 *   Shoals:2 ?   Snake:2 =:=   Vaults:4 [   Depths:1 (
Depths:3 =?

Portals:
Hell: Depths:1 Depths:2 Depths:3 Depths:4
Abyss: Depths:2 Depths:3
Pandemonium: Depths:2
Ziggurat: Depths:4

Annotations:
Zot:3 2 transporters


Innate Abilities, Weirdness & Mutations

You are immune to sickness and miasma.
You are immune to poison.
Your flesh is very heat resistant. (rF++)
You are vulnerable to cold. (rC-)
You float through the air rather than walking.
You learn spells naturally, not from books.
Your magical power is your life essence.
You have superior vitality. (+4 HP)
You are partially covered in iridescent scales. (AC +2)
You frequently scream uncontrollably at your foes.
Your muscles are strong. (Str +2)
Your spells are a little easier to cast, but a little less powerful.
You expend health (3 HP) to strengthen your wands.


Message History

The red draconian resists.
The red draconian is lightly wounded.
The flame wave engulfs the ghost moth!
The ghost moth is lightly wounded.
The flame wave engulfs the purple draconian!!
The purple draconian is moderately wounded.
* * * LOW HITPOINT WARNING * * *
You finish channelling waves of flame.
The Orb Guardian misses you.
The red draconian completely misses you.
The white draconian stormcaller mumbles some strange prayers to Qazlal against you.
Qazlal smites you!
* * * LOW HITPOINT WARNING * * *
You block the Orb Guardian's attack.
Unknown command.
Casting: Flame Wave (safe; 0% risk of failure)
Confirm with . or Enter, or press ? or * to list all spells.
Casting: Flame Wave (safe; 0% risk of failure)
Press: ? - help, Dir - look around, f - activate A wave of flame ripples out!
The flame wave engulfs the Orb Guardian!!
The Orb Guardian is severely wounded.
The flame wave engulfs the white draconian stormcaller!
The white draconian stormcaller is severely wounded.
The flame wave engulfs the Orb Guardian!
The Orb Guardian is almost dead.
The flame wave engulfs the Orb Guardian!!
The Orb Guardian is severely wounded. (Press . to intensify the flame waves.)
* * * LOW HITPOINT WARNING * * *
The ghost moth stares at you. You block the Orb Guardian's attack.
The orb of fire enters a dispersal trap!
The red draconian blinks!
The yellow draconian blinks!
The purple draconian blinks!
The komodo dragon blinks!
The storm dragon blinks!
The Orb Guardian blinks!
The red draconian blinks!
The ghost moth blinks!
The black draconian blinks!
The purple draconian blinks! x2
The white draconian stormcaller blinks!
The Orb Guardian blinks! x2
The red draconian blinks!
You block the Orb Guardian's attack. The Orb Guardian hits you!!!
You die...

###############▓▓▓▓####****,*****
..............## *,,,,,,,,,,,,,
....§..§.....§.## **,,,,,,,,,,,,
^dy.§§.^....§^.^## *,,,^,,,,,,,,
........d.......y# **,,,,,,,,,,,
....§......§.§...# *,,,,,,,,,,,
.....§.X..*§.§X..# **,,,,,,,,,,,
...d.§d.§.l.§.§Xd# *,,,,,,,,,,,,
.§d....§.yq..d§X@# **,,,,,,,,,,,,
§.......§..§d.§§X#**,,,,,,,,,,,,,
....^..l...§.d.§##*,,,***********
..l§§§d.§d.....##,,,,** *
......§.§...§.§§^..#**
▓...§§##▓▓▓▓▓▓▓▓▓▓▓#
^..d.d,,,,,,,,,****
,,...,,,,,,,,,,,,,***
,,..,,,,,,,,,,,,,,,,**


You could see a black draconian, a purple draconian, 2 draconians, a white
draconian stormcaller, 4 Orb Guardians, a ghost moth (invisible) and a komodo
dragon (summoned).

Vanquished Creatures
  the Royal Jelly (Slime:5)
  4 dread liches
  2 ancient liches (Crypt:3)
  Mara (Shoals:4)
  Mennas (Vaults:5)
  A juggernaut (Depths:3)
  Sojobo (Vaults:5)
  Boris (twice) (Vaults:5 Crypt:2)
  The ghost of Pest the Hand of Fortune, a veteran DjEE of Nemelex Xobeh (Vaults:1)
  Saint Roka (Vaults:5)
  Margery (Depths:3)
  Vashnia (Snake:2)
  Nikola (Snake:2)
  9 golden dragons
  Jory (Vaults:5)
  5 bone dragons
  A shard shrike zombie (Crypt:2)
  21 tentacled monstrosities
  An electric golem (Zot:4)
  A hellephant (Abyss:3)
  Jorgrun (D:12)
  4 titans
  8 liches
  5 quicksilver dragons
  A walking frostbound tome (Depths:2)
  2 deep elf master archers (Elf:3)
  2 deep elf blademasters (Elf:3)
  Frances (Elf:1)
  2 Executioners (Abyss:3)
  19 tentacled starspawn
  15 acid blobs
  3 death cobs
  6 sphinxes
  Agnes (D:15)
  14 tengu reavers
  3 ancient champions
  Kirke (Lair:6)
  2 krakens
  8 storm dragons
  The ghost of Gusy the Thaumaturge, an adept DjEE of Makhleb (D:15)
  7 draconian monks
  8 shadow dragons
  A revenant (Crypt:2)
  3 nagarajas (Snake:4)
  11 azure jellies
  Ilsuiw (Shoals:2)
  6 draconian knights
  6 frost giants
  7 fire giants
  5 deep elf sorcerers
  3 orc warlords
  4 iron dragons
  8 draconian scorchers
  9 rockslimes
  A caustic shrike zombie (Crypt:2)
  5 ghost moths
  15 vault wardens
  Louise (Elf:1)
  A cacodemon (Abyss:3)
  3 balrugs (Abyss:3)
  Aizul (Snake:2)
  4 curse skulls
  2 draconian stormcallers
  8 deep elf elementalists
  8 draconian shifters
  6 ghouls
  9 war gargoyles
  11 quicksilver oozes
  2 spriggan defenders (Depths:4)
  7 draconian annihilators
  15 ironbound preservers
  43 very ugly things
  15 green draconians
  15 stone giants
  18 black draconians
  10 deep elf demonologists
  2 lorocyprocas (Abyss:3)
  8 white draconians
  14 vampire knights
  A juggernaut skeleton (Abyss:3)
  22 purple draconians
  6 dire elephants
  An entropy weaver (Vaults:2)
  3 spark wasps (Depths:3)
  12 yellow draconians
  22 red draconians
  10 deep elf annihilators
  3 blizzard demons
  Josephine (D:12)
  16 ettins
  4 eidola
  11 deep elf death magi
  A ragged hierophant (Elf:1)
  3 crystal guardians (Vaults:4)
  13 jiangshi
  A mummy priest (Crypt:3)
  7 fire dragons
  7 merfolk impalers
  5 merfolk javelineers
  22 great orbs of eyes
  8 deep elf high priests
  4 yaktaur captains
  8 rakshasas
  12 ice dragons
  5 boulder beetles
  Harold (D:8)
  8 ironbound thunderhulks
  A servant of whispers (Desolation)
  7 ironbound frosthearts
  12 hydras
  11 naga warriors
  6 ogre magi
  A catoblepas (Lair:2)
  Erolcha (Orc:2)
  31 vault guards
  3 salamander tyrants (Snake:4)
  4 spriggan air magi
  Erica (D:9)
  A catoblepas (shapeshifter) (D:14)
  4 peacekeepers
  11 centaur warriors
  4 alligator snapping turtles
  9 anacondas
  30 dancing weapons
  3 merfolk avatars (Shoals:3)
  8 two-headed ogres
  2 anacondas (shapeshifter)
  A death knight (Crypt:1)
  3 merfolk aquamancers
  9 spriggan berserkers
  11 vampire magi
  3 satyrs
  3 tengu warriors
  3 deep troll shamans
  Urug (D:12)
  8 deep troll earth magi
  18 naga sharpshooters
  11 shock serpents
  7 orc high priests
  Nergalle (Lair:4)
  23 thrashing horrors
  A hell hog (Abyss:3)
  17 wretched stars
  3 soul eaters
  5 sun demons
  9 death yaks
  A fire crab (shapeshifter) (Abyss:3)
  The ghost of Etinn the Basher, a novice GrFi of Trog (Lair:1)
  Sonja (D:10)
  30 deep elf knights
  10 hell knights
  5 iron trolls
  A fire crab (Shoals:3)
  A bunyip zombie (Abyss:3)
  An iron troll (shapeshifter) (Vaults:5)
  44 skeletal warriors
  A titan skeleton (Crypt:3)
  20 sea snakes
  9 sixfirhies
  2 flayed ghosts
  2 storm dragon skeletons (Crypt:3)
  5 salamander mystics
  9 spatial maelstroms
  3 shadow wraiths
  45 deep trolls
  9 glowing orange brains
  15 deep elf archers
  28 starcursed masses
  2 iron giant skeletons
  A bunyip skeleton (Crypt:1)
  13 phantasmal warriors
  10 lindwurms
  11 naga ritualists
  18 orc knights
  3 bog bodies
  8 wizards
  13 ironbound convokers
  16 mana vipers
  47 ugly things
  26 harpies
  4 orc sorcerers (Orc:2)
  29 deep elf pyromancers
  41 deep elf zephyrmancers
  26 fauns
  5 necromancers
  8 cyclopes
  A will-o-the-wisp (Abyss:1)
  A goliath frog skeleton (Crypt:2)
  13 manticores
  A human zombie (Vaults:4)
  4 shining eyes
  A stone giant zombie (Crypt:2)
  23 moths of wrath
  4 worldbinders
  An elephant (shapeshifter) (Vaults:5)
  13 salamanders
  10 merfolk sirens
  36 black mambas
  A frost giant skeleton (Vaults:2)
  12 fire giant skeletons
  5 water nymphs
  Maurice (D:12)
  5 guardian serpents
  2 eyes of devastation
  3 orange demons (Abyss:3)
  14 vault sentinels
  2 rust devils
  6 apocalypse crabs
  7 gargoyles
  2 guardian serpents (shapeshifter)
  15 cane toads
  A molten gargoyle (Desolation)
  18 naga magi
  15 smoke demons
  5 torpor snails (Lair:6)
  2 spriggan skeletons (Crypt:3)
  A cane toad (shapeshifter) (Elf:2)
  A dire elephant skeleton (Abyss:3)
  4 unseen horrors
  A minotaur zombie (Crypt:2)
  4 efreet
  9 komodo dragons
  A pale draconian zombie (Crypt:2)
  2 elf skeletons
  8 rime drakes
  6 freezing wraiths
  2 hellions
  An alligator snapping turtle skeleton (Crypt:3)
  24 yaktaurs
  A yaktaur skeleton (Vaults:2)
  2 redback zombies
  A demonic crawler (Abyss:3)
  2 tengu conjurers (D:10)
  5 hellwings (Abyss:3)
  16 ancient zymes
  A guardian mummy (Crypt:2)
  A red devil (Depths:2)
  A polar bear (Lair:6)
  A silent spectre (Abyss:3)
  6 trolls
  14 hornets
  A meliai (D:10)
  4 tyrant leeches (Lair:6)
  A hornet (shapeshifter) (Abyss:3)
  33 merfolk
  8 wind drakes
  46 slime creatures
  A polar bear (shapeshifter) (Vaults:1)
  23 raiju
  2 harpy skeletons
  6 blink frogs
  8 saltlings
  A moth of wrath zombie (Crypt:1)
  10 snapping turtles
  10 dream sheep
  11 flying skulls
  7 fire dragon skeletons (Crypt:3)
  A centaur simulacrum (D:14)
  16 vampires
  2 redbacks (Vaults:2)
  12 wraiths
  4 shadows
  2 ettin skeletons
  33 large abominations
  3 wyverns
  40 yaks
  7 spriggans
  A tarantella (Vaults:2)
  2 tarantellas (shapeshifter)
  2 air elementals
  An ice dragon skeleton (Crypt:3)
  A human (Lair:6)
  25 water elementals
  3 basilisks
  3 fire bats
  15 ynoxinuls
  2 fire elementals (Elf:1)
  A hog (shapeshifter) (D:15)
  5 golden eyes
  7 neqoxecs
  4 vampire mosquitoes
  A black mamba skeleton (Crypt:1)
  10 chaos spawn
  A steam dragon (D:6)
  3 hogs (Lair:6)
  17 spatial vortices
  A minotaur simulacrum (Abyss:3)
  A faun zombie (Crypt:2)
  An acid dragon (D:13)
  33 nagas
  An ogre zombie (Vaults:2)
  3 wargs (Orc:2)
  A floating eye (Depths:3)
  A floating eye (shapeshifter) (Vaults:5)
  9 hell hounds (Abyss:3)
  19 water moccasins
  49 orc warriors
  A water nymph skeleton (Crypt:2)
  A naga skeleton (Crypt:3)
  An ogre skeleton (Vaults:2)
  A faun skeleton (Crypt:1)
  4 sky beasts
  2 swamp drakes
  An ice beast (D:7)
  12 ogres
  A tengu (Abyss:3)
  7 wolves
  A boggart (Vaults:2)
  7 necrophages
  A tengu (shapeshifter) (Abyss:3)
  A manticore skeleton (Crypt:2)
  18 centaurs
  2 phantoms (D:6)
  3 kobold brigands
  11 human skeletons
  3 gnoll sergeants
  11 bullfrogs
  4 earth elementals
  A water moccasin zombie (D:5)
  2 wyvern skeletons (D:7)
  A shapeshifter zombie (Crypt:2)
  3 spriggan zombies
  5 killer bees (D:9)
  9 wights
  An electric eel (Lair:6)
  4 howler monkeys
  4 centaur zombies
  9 crimson imps
  A bullfrog zombie (D:5)
  5 quasits
  6 iron imps
  A hound (D:5)
  40 orc priests
  5 jellies
  A gnoll shaman (D:8)
  Jessica (D:3)
  11 iguanas
  Terence (D:2)
  An iguana (shapeshifter) (Abyss:3)
  28 orc wizards
  A scorpion zombie (D:5)
  5 hell rats (Lair:6)
  23 small abominations
  A felid zombie (Crypt:2)
  3 howler monkey zombies
  21 gnolls
  3 adders
  3 river rats
  2 shadow imps
  12 white imps
  7 ufetubi
  A halfling zombie (Crypt:1)
  3 worms
  2 dart slugs (D:1)
  123 orcs
  7 bats
  5 endoplasms
  9 giant cockroaches
  5 goblins
  4 hobgoblins
  7 jackals
  17 kobolds
  4 quokkas
  3 frilled lizards
  A goblin (shapeshifter) (Vaults:5)
  A jackal skeleton (Crypt:2)
  10 rats
  A butterfly (Vaults:2)
  4 lurking horrors (Abyss:3)
  21 starspawn tentacles
  2 tentacles (Shoals:3)
2885 creatures vanquished.

Vanquished Creatures (collateral kills)
  Xtahua (Vaults:5)
  A tentacled monstrosity (Zot:2)
  A lich (Vaults:5)
  A walking frostbound tome (Depths:4)
  3 titans (Vaults:5)
  A tentacled starspawn (Abyss:3)
  A storm dragon (Depths:2)
  2 death cobs
  An iron dragon (Depths:3)
  A frost giant (Vaults:5)
  A fire giant (Depths:4)
  A ghost moth (Zot:2)
  A draconian stormcaller (Depths:4)
  2 angels (Depths:4)
  A deep elf elementalist (Abyss:1)
  A draconian shifter (Zot:4)
  A very ugly thing (Depths:2)
  A reaper (Depths:3)
  A vampire knight (Depths:3)
  4 stone giants
  2 black draconians
  5 green draconians
  2 yellow draconians
  A purple draconian (Zot:4)
  2 white draconians (Zot:4)
  An ettin (Depths:1)
  A fire dragon (Depths:3)
  A yaktaur captain (Vaults:5)
  2 great orbs of eyes
  A rakshasa (Depths:1)
  An ice dragon (Depths:4)
  A spriggan air mage (Depths:3)
  A deep troll shaman (Depths:4)
  2 soul eaters (Depths:3)
  A spriggan berserker (Depths:4)
  A deep elf knight (Elf:1)
  4 hell knights
  An iron troll (Depths:4)
  A deep troll (Depths:4)
  A deep elf pyromancer (Elf:1)
  2 fauns (Shoals:2)
  An ugly thing (Vaults:4)
  An eye of devastation (Slime:5)
  A vault sentinel (Vaults:5)
  A naga mage (Snake:4)
  A smoke demon (Abyss:1)
  An alligator snapping turtle zombie (Crypt:2)
  3 yaktaurs (Vaults:5)
  2 freezing wraiths (Vaults:5)
  A guardian mummy (Crypt:2)
  4 raiju
  A slime creature (Slime:2)
  2 water elementals (Depths:1)
  A fire bat (Abyss:1)
  3 chaos spawn (Abyss:3)
  A water moccasin (Lair:3)
  A tengu (Abyss:3)
  A human zombie (Crypt:2)
  A foxfire (Lair:4)
  A starspawn tentacle (Abyss:3)
89 creatures vanquished.

Vanquished Creatures (others)
  A lich (Depths:1)
  A draconian knight (Zot:3)
  A red draconian (Zot:2)
  A vampire mage (Depths:2)
  A wizard (Depths:2)
  A cane toad (Lair:5)
  2 chaos spawn (Abyss:3)
  A fire bat (Abyss:3)
  A human (Lair:6)
  A small abomination (Abyss:3)
  An orc (D:11)
  40 ball lightnings
  635 foxfires
  48 fungi
  3 lurking horrors (Abyss:3)
  A pillar of salt (Desolation)
  333 plants
  35 starspawn tentacles
  6 tentacles
  2 withered plants (Crypt:3)
1115 creatures vanquished.

Grand Total: 4089 creatures vanquished

Notes
Turn   | Place    | Note
-------+----------+-------------------------------------------
     0 | D:1      | Turgor the Djinni Fire Elementalist began the quest for the
                  | Orb.
     0 | D:1      | Reached XP level 1. HP: 15/15 MP: 0/0
   210 | D:1      | Reached XP level 2. HP: 19/22 MP: 0/0
   434 | D:1      | Reached skill level 1 in Fighting
   710 | D:1      | Reached XP level 3. HP: 24/27 MP: 0/0
   710 | D:1      | Learned a level 1 spell: Animate Skeleton
  1200 | D:2      | Noticed Terence
  1217 | D:2      | Killed Terence
  1218 | D:2      | Reached skill level 1 in Armour
  1218 | D:2      | Reached XP level 4. HP: 8/32 MP: 0/0
  1569 | D:2      | Reached skill level 3 in Spellcasting
  2600 | D:3      | Reached XP level 5. HP: 36/38 MP: 0/0
  2600 | D:3      | Learned a level 2 spell: Wereblood
  2750 | D:3      | Noticed Jessica
  2754 | D:3      | Killed Jessica
  3647 | D:4      | Found a glowing drain.
  3712 | Sewer    | Entered a sewer
  3833 | Sewer    | Reached XP level 6. HP: 41/45 MP: 0/0
  3973 | Sewer    | Found a glowing silver altar of Zin.
  4326 | D:4      | Identified the +9 falchion of Reinforcement {protect, rF+++
                  | Str-2 Dex+3}
  4826 | D:5      | Entered Level 5 of the Dungeon
  5022 | D:5      | Noticed a necrophage
  5033 | D:5      | Killed a necrophage
  5034 | D:5      | Reached XP level 7. HP: 44/50 MP: 0/0
  5034 | D:5      | Learned a level 3 spell: Call Canine Familiar
  5309 | D:5      | Reached skill level 4 in Spellcasting
  5370 | D:5      | Found a staircase to the Ecumenical Temple.
  5380 | Temple   | Entered the Ecumenical Temple
  5477 | Temple   | Became a worshipper of Makhleb the Destroyer
  5894 | D:6      | Noticed a steam dragon
  5915 | D:6      | Killed a steam dragon
  5916 | D:6      | Reached XP level 8. HP: 29/58 MP: 0/0
  6077 | D:6      | You are sucked into a shaft and drop 1 floor!
  6121 | D:7      | Reached skill level 5 in Fighting
  6234 | D:7      | Reached skill level 5 in Spellcasting
  6451 | D:7      | Reached * piety under Makhleb
  6452 | D:7      | Reached skill level 5 in Dodging
  6452 | D:7      | Reached XP level 9. HP: 54/66 MP: 0/0
  6452 | D:7      | Learned a level 3 spell: Lesser Beckoning
  7094 | D:6      | Found a shimmering altar of Xom.
  7593 | D:8      | Found a staircase to the Lair.
  7610 | D:8      | Noticed Harold
  7712 | D:8      | Reached skill level 6 in Spellcasting
  7888 | D:8      | Reached skill level 5 in Armour
  7955 | D:8      | Killed Harold
  7956 | D:8      | Reached XP level 10. HP: 44/76 MP: 0/0
  8392 | D:8      | Noticed a two-headed ogre
  8412 | D:8      | Killed a two-headed ogre
  8412 | D:8      | Reached ** piety under Makhleb
  8799 | D:8      | Reached skill level 7 in Spellcasting
  9144 | Lair:1   | Entered Level 1 of the Lair of Beasts
  9157 | Lair:1   | Noticed a komodo dragon
  9163 | Lair:1   | Noticed a cane toad
  9164 | Lair:1   | Noticed Etinn's ghost (novice GrFi)
  9168 | Lair:1   | Noticed a moth of wrath
  9209 | Lair:1   | Identified the +5 flail "Migg" {freeze, rF+}
  9562 | Lair:1   | Found a transporter.
  9563 | Lair:1   | Noticed a cane toad
  9570 | Lair:1   | Noticed a moth of wrath
  9620 | Lair:1   | Noticed a komodo dragon
  9629 | Lair:1   | Noticed a rime drake
  9630 | Lair:1   | Killed a komodo dragon
  9924 | Lair:1   | Killed a rime drake
 10038 | Lair:1   | Noticed a cane toad
 10046 | Lair:1   | Killed a cane toad
 10047 | Lair:1   | Reached XP level 11. HP: 73/84 MP: 0/0
 10047 | Lair:1   | Learned a level 5 spell: Borgnjor's Vile Clutch
 10241 | Lair:1   | Found a transporter.
 10268 | Lair:2   | Noticed a four-headed hydra
 10276 | Lair:2   | Killed a four-headed hydra
 10393 | Lair:2   | You are sucked into a shaft and drop 2 floors!
 10469 | Lair:3   | Reached skill level 8 in Spellcasting
 10569 | Lair:3   | Noticed a six-headed hydra
 10597 | Lair:3   | Killed a six-headed hydra
 10620 | Lair:3   | Reached skill level 10 in Fighting
 10822 | Lair:3   | Found a staircase to the Snake Pit.
 11066 | Lair:2   | Reached XP level 12. HP: 52/92 MP: 0/0
 11073 | Lair:2   | Noticed a six-headed hydra
 11086 | Lair:2   | Killed a six-headed hydra
 11621 | Lair:2   | Noticed a death yak
 11621 | Lair:2   | Noticed a death yak
 11631 | Lair:2   | Reached skill level 9 in Spellcasting
 11636 | Lair:2   | Noticed a death yak
 11664 | Lair:2   | Noticed a catoblepas
 11849 | Lair:2   | Reached *** piety under Makhleb
 12906 | Lair:4   | Noticed Nergalle
 12923 | Lair:4   | Killed Nergalle
 13346 | Lair:4   | Found a staircase to the Shoals.
 13824 | Lair:4   | Noticed a six-headed hydra
 13826 | Lair:4   | Reached XP level 13. HP: 97/100 MP: 0/0
 13826 | Lair:4   | Learned a level 5 spell: Freezing Cloud
 13830 | Lair:4   | Killed a six-headed hydra
 14041 | Lair:5   | Reached skill level 10 in Spellcasting
 14043 | Lair:5   | Noticed a five-headed hydra
 14049 | Lair:5   | Killed a five-headed hydra
 14068 | Lair:5   | Reached **** piety under Makhleb
 14070 | Lair:5   | Reached skill level 10 in Dodging
 14204 | Lair:5   | Noticed a four-headed hydra
 14209 | Lair:5   | Killed a four-headed hydra
 14298 | Lair:5   | Noticed a seven-headed hydra
 14305 | Lair:5   | Killed a seven-headed hydra
 15365 | Lair:2   | Killed a catoblepas
 15672 | Lair:2   | Reached XP level 14. HP: 110/110 MP: 0/0
 15763 | Lair:6   | Entered Level 6 of the Lair of Beasts
 15763 | Lair:6   | Noticed Kirke
 15774 | Lair:6   | Killed Kirke
 15864 | Lair:6   | Reached skill level 11 in Spellcasting
 15897 | Lair:6   | Identified a scroll of acquirement
 15898 | Lair:6   | Acquired the ring of Odotuja {rN+ Dex+4}
 16102 | Lair:6   | Found a viscous altar of Jiyva.
 16102 | Lair:6   | Found a staircase to the Slime Pits.
 16194 | Lair:6   | Found a runed translucent door.
 16502 | Lair:6   | Reached ***** piety under Makhleb
 16713 | Lair:6   | Reached skill level 1 in Invocations
 16891 | Lair:6   | Reached skill level 10 in Armour
 17107 | Lair:6   | Identified the +9 shortbow "Tobbil" {flame, Fly}
 17806 | Lair:1   | Killed Etinn's ghost
 17811 | Lair:1   | Identified the +2 helmet of the Thirteen Thickets {Regen+
                  | rCorr Dex+3}
 18260 | D:9      | Found a white marble altar of Elyvilon.
 18293 | D:9      | Found a staircase to the Orcish Mines.
 18431 | D:9      | Noticed Erica
 18438 | D:9      | Killed Erica
 18546 | D:9      | Acquired the +0 pair of gloves of Laseojaq {rElec rCorr}
 18792 | D:10     | Entered Level 10 of the Dungeon
 18832 | D:10     | Noticed Sonja
 18836 | D:10     | Killed Sonja
 18945 | D:10     | Reached skill level 1 in Bows
 18958 | D:10     | Reached XP level 15. HP: 105/118 MP: 0/0
 18958 | D:10     | Learned a level 6 spell: Simulacrum
 19261 | D:10     | Identified the +5 flail of the Equinox {elec, Fragile Fly
                  | Dex+8}
 19535 | Orc:1    | Entered Level 1 of the Orcish Mines
 19715 | Orc:1    | Reached skill level 12 in Spellcasting
 19979 | Orc:2    | Entered Level 2 of the Orcish Mines
 19979 | Orc:2    | Noticed Erolcha
 19982 | Orc:2    | Reached ****** piety under Makhleb
 19984 | Orc:2    | Killed Erolcha
 20594 | Orc:2    | Found a staircase to the Elven Halls.
 21105 | Orc:2    | Found Ekarucof's Magic Scroll Shoppe.
 21112 | Orc:2    | Bought a scroll of acquirement for 676 gold pieces
 21112 | Orc:2    | Acquired a +6 ring of strength
 21132 | Orc:2    | Found Enypunn's Distillery.
 21528 | Orc:2    | Reached skill level 15 in Fighting
 21590 | Orc:2    | Noticed an orc warlord
 21612 | Orc:2    | Killed an orc warlord
 21703 | Orc:2    | Found Siliep's General Store.
 21881 | Orc:2    | Found Getz's Jewellery Boutique.
 22198 | D:11     | Acquired a manual of Invocations
 22416 | D:11     | Found the +9 staff of Olgreb {rPois∞}
 22784 | D:11     | Reached skill level 5 in Invocations
 23392 | D:12     | Noticed Josephine
 23399 | D:12     | Killed Josephine
 23451 | D:12     | Noticed Urug
 23551 | D:12     | Killed Urug
 23631 | D:12     | Noticed Jorgrun
 23639 | D:12     | Killed Jorgrun
 23681 | D:12     | Reached skill level 13 in Spellcasting
 23681 | D:12     | Reached XP level 16. HP: 112/126 MP: 0/0
 24132 | D:12     | Noticed Maurice
 24136 | D:12     | Killed Maurice
 24822 | D:13     | Found a gate to the Vaults.
 25308 | D:14     | Upgraded the game from 0.28-a0-863-g8cecda6153 to
                  | 0.28-a0-872-g80cf8599ee
 25321 | D:14     | You are sucked into a shaft and drop 1 floor!
 25321 | D:15     | Entered Level 15 of the Dungeon
 25918 | D:14     | Reached skill level 14 in Spellcasting
 26261 | D:15     | Found a snail-covered altar of Cheibriados.
 26390 | D:15     | Found a runed translucent gate.
 26390 | D:15     | Found a runed translucent gate.
 26390 | D:15     | Found a runed translucent gate.
 26390 | D:15     | Noticed Gusy's ghost (adept DjEE)
 26393 | D:15     | Found a basalt altar of Yredelemnul.
 26485 | D:15     | Paralysed by a great orb of eyes for 6 turns
 26626 | D:15     | Found a staircase to the Depths.
 26715 | D:15     | Reached XP level 17. HP: 75/132 MP: 0/0
 26715 | D:15     | Learned a level 6 spell: Death Channel
 26826 | D:15     | Noticed Agnes
 26832 | D:15     | Killed Agnes
 27215 | Snake:1  | Entered Level 1 of the Snake Pit
 28556 | Snake:2  | Noticed Vashnia
 28567 | Snake:2  | Killed Vashnia
 28667 | Snake:2  | Noticed Aizul
 28675 | Snake:2  | Killed Aizul
 29518 | Snake:2  | Found Jatsaz's Jewellery Emporium.
 29519 | Snake:2  | Found Upruuh's Book Shop.
 29520 | Snake:2  | Found Geceatem's Jewellery Emporium.
 29526 | Snake:2  | Bought the ring "Piow" {Fly Str+6 Int+4 Dex+3} for 987 gold
                  | pieces
 29676 | Snake:2  | Noticed Nikola
 29686 | Snake:2  | Killed Nikola
 30052 | Snake:3  | Reached skill level 15 in Spellcasting
 30113 | Snake:3  | Reached XP level 18. HP: 61/141 MP: 0/0
 30460 | Snake:3  | Reached skill level 5 in Bows
 31023 | Snake:4  | Entered Level 4 of the Snake Pit
 31279 | Snake:4  | Found a sacrificial altar of Ru.
 32021 | Snake:4  | Got a serpentine rune of Zot
 32561 | Shoals:1 | Entered Level 1 of the Shoals
 32566 | Shoals:1 | Reached XP level 19. HP: 89/150 MP: 0/0
 32566 | Shoals:1 | Learned a level 6 spell: Conjure Ball Lightning
 33432 | Shoals:2 | Found Weafu's Magic Scroll Shop.
 33497 | Shoals:2 | Noticed Ilsuiw
 33512 | Shoals:2 | Killed Ilsuiw
 33568 | Shoals:2 | Bought a scroll of blinking for 112 gold pieces
 33645 | Shoals:2 | Reached skill level 16 in Spellcasting
 34766 | D:11     | Identified the ring "Komoodwe" {rF+ rCorr EV+4}
 35201 | Shoals:3 | Reached skill level 1 in Staves
 35285 | Shoals:3 | Reached skill level 1 in Evocations
 36075 | Shoals:4 | Entered Level 4 of the Shoals
 36281 | Shoals:4 | Reached XP level 20. HP: 152/158 MP: 0/0
 36611 | Shoals:4 | Identified the +7 storm dragon scales "Qirey" {Harm Rampage
                  | Drain rElec rCorr}
 36668 | Shoals:4 | Reached skill level 15 in Armour
 36668 | Shoals:4 | Noticed Mara
 36686 | Shoals:4 | Noticed Turgor's illusion
 36918 | Shoals:4 | Noticed Turgor's illusion
 37041 | Shoals:4 | Killed Mara
 37115 | Shoals:4 | Got a barnacled rune of Zot
 37435 | Shoals:4 | Reached skill level 5 in Staves
 37927 | Depths:1 | Entered Level 1 of the Depths
 38005 | Depths:1 | Reached skill level 1 in Shields
 38456 | Depths:1 | Found Larehuw's Weapon Shop.
 38703 | Depths:1 | Found a gateway to Hell.
 39325 | Depths:2 | Found a one-way gate leading to the halls of Pandemonium.
 39342 | Depths:2 | Reached skill level 17 in Spellcasting
 39672 | Depths:2 | Found a blossoming altar of Fedhas.
 39749 | Depths:2 | Reached skill level 5 in Evocations
 39756 | Depths:2 | Reached XP level 21. HP: 121/166 MP: 0/0
 39756 | Depths:2 | Learned a level 8 spell: Lehudib's Crystal Spear
 39912 | Depths:2 | Found an iron altar of Okawaru.
 40115 | Depths:2 | Found a corrupted altar of Lugonu.
 40115 | Depths:2 | Found a one-way gate to the infinite horrors of the Abyss.
 40645 | Depths:2 | Found a runed translucent door.
 40646 | Depths:2 | Found a runed translucent door.
 40647 | Depths:2 | Found a runed translucent door.
 40857 | Vaults:1 | Entered Level 1 of the Vaults
 40984 | Vaults:1 | Found a flickering gateway to a bazaar.
 40996 | Bazaar   | Entered a bazaar
 40996 | Bazaar   | Found Bocwac's Antique Armour Shoppe.
 40996 | Bazaar   | Found Wilym's Magic Scroll Emporium.
 41000 | Bazaar   | Found Pijuweir's General Store.
 41015 | Bazaar   | Found Coogiyl's Jewellery Emporium.
 41035 | Bazaar   | Bought a runed cloak for 232 gold pieces
 41035 | Bazaar   | Bought a runed cloak for 232 gold pieces
 41058 | Bazaar   | Bought a scroll of acquirement for 364 gold pieces
 41058 | Bazaar   | Bought a scroll of acquirement for 364 gold pieces
 41062 | Bazaar   | Acquired the ring of Xom's Amusement {rF++ Dex+5 SInv}
 41066 | Bazaar   | Acquired the +8 lajatang of Moucom {holy, Will+ Str+2
                  | Dex+2}
 41072 | Bazaar   | Bought a scroll of magic mapping for 24 gold pieces
 41072 | Bazaar   | Bought a scroll of fog for 14 gold pieces
 41072 | Bazaar   | Bought a scroll of teleportation for 21 gold pieces
 41082 | Bazaar   | Bought a scroll of enchant armour for 60 gold pieces
 41112 | Vaults:1 | Found a runed translucent door.
 41115 | Vaults:1 | Noticed Pest's ghost (veteran DjEE)
 42443 | Vaults:2 | Found a huge runed gate.
 42443 | Vaults:2 | Found a huge runed gate.
 42443 | Vaults:2 | Found a huge runed gate.
 42443 | Vaults:2 | Found a huge runed gate.
 42443 | Vaults:2 | Found a huge runed gate.
 42444 | Vaults:2 | Found a huge runed gate.
 42444 | Vaults:2 | Found a huge runed gate.
 42444 | Vaults:2 | Found a huge runed gate.
 42444 | Vaults:2 | Found a huge runed gate.
 42446 | Vaults:2 | Found a huge runed gate.
 42446 | Vaults:2 | Found a huge runed gate.
 42446 | Vaults:2 | Found a huge runed gate.
 42446 | Vaults:2 | Found a huge runed gate.
 42446 | Vaults:2 | Found a huge runed gate.
 42446 | Vaults:2 | Found a huge runed gate.
 42447 | Vaults:2 | Found a huge runed gate.
 42448 | Vaults:2 | Found a huge runed gate.
 42449 | Vaults:2 | Found a huge runed gate.
 42459 | Vaults:2 | Found a huge runed gate.
 42459 | Vaults:2 | Found a huge runed gate.
 42459 | Vaults:2 | Found a huge runed gate.
 42459 | Vaults:2 | Found a huge runed gate.
 42459 | Vaults:2 | Found a huge runed gate.
 42460 | Vaults:2 | Found a huge runed gate.
 42461 | Vaults:2 | Found a huge runed gate.
 42462 | Vaults:2 | Found a huge runed gate.
 42463 | Vaults:2 | Found a huge runed gate.
 42471 | Vaults:2 | Found a huge runed gate.
 42471 | Vaults:2 | Found a huge runed gate.
 42471 | Vaults:2 | Found a huge runed gate.
 42471 | Vaults:2 | Found a huge runed gate.
 42471 | Vaults:2 | Found a huge runed gate.
 42471 | Vaults:2 | Found a huge runed gate.
 42472 | Vaults:2 | Found a huge runed gate.
 42473 | Vaults:2 | Found a huge runed gate.
 42474 | Vaults:2 | Found a huge runed gate.
 42981 | Vaults:2 | Reached skill level 15 in Dodging
 43068 | Vaults:2 | Reached XP level 22. HP: 148/175 MP: 0/0
 43465 | Vaults:2 | Reached skill level 18 in Spellcasting
 43739 | Vaults:2 | Found a staircase to the Crypt.
 44196 | Vaults:2 | Identified the +5 great sword "Rilikoh" {freeze, rPois rC+
                  | Will+ Str-2 Int+3}
 44664 | Vaults:3 | Found a huge runed gate.
 44664 | Vaults:3 | Found a huge runed gate.
 44664 | Vaults:3 | Found a huge runed gate.
 44666 | Vaults:3 | Found a huge runed gate.
 44666 | Vaults:3 | Found a huge runed gate.
 44667 | Vaults:3 | Found a huge runed gate.
 44668 | Vaults:3 | Found a huge runed gate.
 44668 | Vaults:3 | Found a huge runed gate.
 44668 | Vaults:3 | Found a huge runed gate.
 44668 | Vaults:3 | Found a huge runed gate.
 44873 | Vaults:3 | Found a huge runed gate.
 44873 | Vaults:3 | Found a huge runed gate.
 44873 | Vaults:3 | Found a huge runed gate.
 44873 | Vaults:3 | Found a huge runed gate.
 44873 | Vaults:3 | Found a huge runed gate.
 44873 | Vaults:3 | Found a huge runed gate.
 44873 | Vaults:3 | Found a huge runed gate.
 44874 | Vaults:3 | Found a huge runed gate.
 44875 | Vaults:3 | Found a huge runed gate.
 44883 | Vaults:3 | Found a huge runed gate.
 44883 | Vaults:3 | Found a huge runed gate.
 44883 | Vaults:3 | Found a huge runed gate.
 44883 | Vaults:3 | Found a huge runed gate.
 44883 | Vaults:3 | Found a huge runed gate.
 44883 | Vaults:3 | Found a huge runed gate.
 44883 | Vaults:3 | Found a huge runed gate.
 44884 | Vaults:3 | Found a huge runed gate.
 44885 | Vaults:3 | Found a huge runed gate.
 44893 | Vaults:3 | Found a huge runed gate.
 44893 | Vaults:3 | Found a huge runed gate.
 44893 | Vaults:3 | Found a huge runed gate.
 44893 | Vaults:3 | Found a huge runed gate.
 44893 | Vaults:3 | Found a huge runed gate.
 44893 | Vaults:3 | Found a huge runed gate.
 44893 | Vaults:3 | Found a huge runed gate.
 44894 | Vaults:3 | Found a huge runed gate.
 45560 | Vaults:4 | Found Wemueno's Armour Boutique.
 45597 | Vaults:4 | Reached skill level 19 in Spellcasting
 45629 | Vaults:4 | Reached XP level 23. HP: 183/183 MP: 0/0
 45629 | Vaults:4 | Learned a level 7 spell: Dragon Form
 46785 | D:15     | Killed Gusy's ghost
 46981 | Depths:2 | Reached skill level 10 in Invocations
 47086 | Depths:2 | Identified the +8 morningstar of Qadiucuo {vamp, Int+2}
 47303 | Depths:3 | Noticed a juggernaut
 47306 | Depths:3 | Noticed a golden dragon
 47311 | Depths:3 | Killed a juggernaut
 47659 | Elf:1    | Entered Level 1 of the Elven Halls
 47669 | Elf:1    | Reached skill level 20 in Spellcasting
 47799 | Elf:1    | Found a crumbling gateway.
 47816 | Elf:1    | Noticed Louise
 47826 | Elf:1    | Paralysed by an air elemental for 1 turns
 47831 | Elf:1    | Paralysed by an air elemental for 1 turns
 47833 | Elf:1    | Paralysed by an air elemental for 1 turns
 47837 | Elf:1    | Noticed Frances
 47859 | Elf:1    | Killed Louise
 47924 | Desolati | Entered the Desolation of Salt
 47999 | Elf:1    | Reached XP level 24. HP: 185/191 MP: 0/0
 48009 | Elf:1    | Killed Frances
 48026 | Elf:1    | Found Neg Wejatz's Assorted Antiques.
 48165 | Elf:1    | Acquired a +0 kite shield of positive energy
 49242 | Elf:2    | Found a huge runed translucent gate.
 49242 | Elf:2    | Found a huge runed translucent gate.
 49242 | Elf:2    | Found a huge runed translucent gate.
 49266 | Elf:2    | Found a huge runed translucent gate.
 49266 | Elf:2    | Found a huge runed translucent gate.
 49713 | Elf:2    | Reached skill level 21 in Spellcasting
 50187 | Elf:3    | Entered Level 3 of the Elven Halls
 50687 | Elf:3    | Reached skill level 10 in Staves
 50885 | Elf:3    | Reached XP level 25. HP: 197/197 MP: 0/0
 50885 | Elf:3    | Learned a level 9 spell: Death's Door
 50966 | Elf:3    | Identified the ring of Owikich {Ice rN+ Stlth+}
 50968 | Elf:3    | Identified the ring of Hibbae {rC+ Int+6}
 51013 | Elf:3    | Identified the +4 trident of Joyful Slaughter {vorpal,
                  | Dex+2}
 51017 | Elf:3    | Identified the +7 shortbow "Igoweggo" {venom, rF+ Str-5
                  | Dex+3}
 51019 | Elf:3    | Identified the +8 spear "Esihein" {drain, *Corrode Dex+5
                  | SInv}
 51031 | Elf:3    | Identified the +7 hand axe "Nisiecw" {holy, rF+ rN+ Will+}
 51064 | Elf:3    | Identified the +8 pearl dragon scales "Dunwo" {Harm rF+ rN+
                  | Str+2 Dex-2}
 51591 | Vaults:1 | Killed Pest's ghost
 51908 | Vaults:3 | Upgraded the game from 0.28-a0-872-g80cf8599ee to
                  | 0.28-a0-883-gc8d7bad45d
 52029 | Vaults:5 | Entered Level 5 of the Vaults
 52043 | Vaults:5 | Noticed Xtahua
 52044 | Vaults:5 | Noticed Jory
 52088 | Vaults:5 | Killed Xtahua
 52103 | Vaults:5 | Killed Jory
 52162 | Vaults:5 | Noticed Saint Roka
 52173 | Vaults:5 | Killed Saint Roka
 52239 | Vaults:5 | Identified the +8 great sword of the Equator {vorpal,
                  | rPois}
 52239 | Vaults:5 | Noticed Boris
 52245 | Vaults:5 | Noticed Mennas
 52257 | Vaults:5 | Killed Boris
 52296 | Vaults:5 | Killed Mennas
 52297 | Vaults:5 | Reached skill level 22 in Spellcasting
 52397 | Vaults:5 | Reached skill level 1 in Polearms
 52397 | Vaults:5 | Reached skill level 10 in Evocations
 52477 | Vaults:5 | Identified the +5 falchion of Famine {flame, rPois rF+
                  | Dex+3}
 52713 | Vaults:5 | Identified the +2 ring mail "Qeehof" {rPois Dex-3 Slay-5
                  | Stlth+}
 52794 | Vaults:5 | Reached XP level 26. HP: 204/205 MP: 0/0
 52846 | Vaults:5 | Noticed Sojobo
 52851 | Vaults:5 | Paralysed by an air elemental for 1 turns
 52856 | Vaults:5 | Paralysed by an air elemental for 1 turns
 52858 | Vaults:5 | Killed Sojobo
 52906 | Vaults:5 | Identified the +2 dagger of the Evil Eye {flame, rF+ Str+4
                  | Int+3}
 53201 | Vaults:5 | Noticed a dread lich
 53212 | Vaults:5 | Killed a dread lich
 53546 | Vaults:5 | Got a silver rune of Zot
 54144 | Depths:3 | Reached skill level 5 in Polearms
 54154 | Depths:3 | Found the +0 pair of fencer's gloves {Riposte Dex+3}
 54187 | Depths:3 | Identified the amulet "Giuwit" {RegenMP -Tele rC+ MP+9}
 54241 | Depths:3 | Found Adimenat's Jewellery Shop.
 54245 | Depths:3 | Found Myskyl's Magic Scroll Shop.
 54254 | Depths:3 | Bought a scroll of enchant armour for 150 gold pieces
 54255 | Depths:3 | Bought a scroll of enchant armour for 150 gold pieces
 54256 | Depths:3 | Bought a scroll of enchant armour for 150 gold pieces
 54256 | Depths:3 | Bought a scroll of enchant weapon for 150 gold pieces
 54618 | Depths:3 | Noticed Margery
 54630 | Depths:3 | Killed Margery
 55121 | Depths:4 | Entered Level 4 of the Depths
 55300 | Depths:4 | Found a gateway to a ziggurat.
 55422 | Depths:4 | Acquired 795 gold pieces
 55634 | Depths:4 | Found a hazy altar of Hepliaklqana.
 55712 | Depths:4 | Reached XP level 27. HP: 205/213 MP: 0/0
 55712 | Depths:4 | Learned a level 9 spell: Polar Vortex
 56130 | Depths:4 | Found a gate to the Realm of Zot.
 56713 | Slime:1  | Entered Level 1 of the Pits of Slime
 56873 | Slime:5  | Entered Level 5 of the Pits of Slime
 56948 | Slime:4  | Found a viscous altar of Jiyva.
 56955 | Slime:4  | Reached skill level 23 in Spellcasting
 56970 | Slime:4  | Reached skill level 5 in Shields
 57022 | Slime:5  | Gained mutation: Potions are less effective at restoring
                  | your health. [a shining eye]
 57050 | Slime:5  | Noticed the Royal Jelly
 57051 | Slime:5  | Gained mutation: You are clumsy. (Dex -2) [a shining eye]
 57351 | Slime:5  | Killed the Royal Jelly
 57403 | Slime:5  | Found the +15 Maxwell's patent armour {-Cast -Tele rElec
                  | Will+ rCorr}
 57409 | Slime:5  | Identified the +10 arbalest of the Sage {vorpal, rElec rF-
                  | Str+3 Stlth+}
 57418 | Slime:5  | Identified the ring "Vanki" {rElec Will+ Slay+3 SInv}
 57452 | Slime:5  | Got a slimy rune of Zot
 57499 | Slime:5  | Identified the +5 quarterstaff of the Twelve Stories
                  | {protect, *Noise Will++ Str+8}
 58239 | Zot:1    | Entered Level 1 of the Realm of Zot
 59020 | Zot:1    | Identified the +1 ring mail "Uxtiluneq" {SInv}
 60224 | Zot:3    | Reached skill level 24 in Spellcasting
 60242 | Zot:3    | Identified the +6 scimitar of Fate {freeze, Str+3}
 60269 | Zot:3    | Found a transporter.
 60271 | Zot:3    | Found a transporter.
 60393 | Zot:3    | Reached skill level 10 in Polearms
 60439 | Zot:3    | Found a transporter.
 60446 | Zot:3    | Found a transporter.
 60452 | Zot:3    | Found a transporter.
 60452 | Zot:3    | Found a transporter.
 61353 | Zot:4    | Reached skill level 10 in Shields
 61629 | Zot:4    | Gained mutation: Your spells are a little easier to cast,
                  | but a little less powerful. [mutagenic glow]
 61649 | Zot:4    | Gained mutation: You tend to lose your temper in combat.
                  | [mutagenic glow]
 61972 | Zot:4    | Lost mutation: You tend to lose your temper in combat.
                  | [potion of mutation]
 61972 | Zot:4    | Lost mutation: Potions are less effective at restoring your
                  | health. [potion of mutation]
 61972 | Zot:4    | Gained mutation: You are partially covered in iridescent
                  | scales. (AC +2) [potion of mutation]
 61972 | Zot:4    | Lost mutation: You are clumsy. (Dex -2) [potion of
                  | mutation]
 62380 | Crypt:1  | Entered Level 1 of the Crypt
 62441 | Crypt:1  | Identified the amulet "Por Folefaim" {Spirit rPois rF+
                  | Str+8 Stlth-}
 63364 | Crypt:2  | Noticed Boris
 63371 | Crypt:2  | Killed Boris
 64527 | Crypt:3  | Entered Level 3 of the Crypt
 64985 | Crypt:3  | Identified the ring "Ycvoproj" {Fly rC- rN+ rCorr Str+4
                  | Int+4}
 64985 | Crypt:3  | Identified the ring "Piych" {rElec rN+}
 64985 | Crypt:3  | Identified the ring "Ninalamn" {rElec rPois rN+ Dex+4}
 65069 | Crypt:3  | Reached skill level 25 in Spellcasting
 65287 | Crypt:3  | Found a staircase to the Tomb.
 65399 | Crypt:3  | Noticed a dread lich
 65401 | Crypt:3  | Killed a dread lich
 65923 | Crypt:3  | Noticed an ancient lich
 65935 | Crypt:3  | Killed an ancient lich
 65945 | Crypt:3  | Noticed an ancient lich
 65950 | Crypt:3  | Killed an ancient lich
 66646 | Depths:2 | Voluntarily entered the Abyss.
 67283 | Abyss:2  | Acquired 656 gold pieces
 67521 | Abyss:3  | Found a corrupted altar of Lugonu.
 67721 | Abyss:3  | Paralysed by accursed screaming for 1 turns
 68086 | Abyss:3  | Paralysed by you for 3 turns
 68211 | Abyss:3  | Found a corrupted altar of Lugonu.
 68511 | Abyss:3  | Gained mutation: You are clumsy. (Dex -2) [a cacodemon]
 69424 | Abyss:3  | Gained mutation: You frequently scream uncontrollably at
                  | your foes. [a neqoxec]
 69426 | Abyss:3  | Gained mutation: You sometimes lose the ability to read
                  | scrolls when taking damage. [a neqoxec]
 69438 | Abyss:3  | Lost mutation: You are clumsy. (Dex -2) [potion of
                  | mutation]
 69438 | Abyss:3  | Lost mutation: You sometimes lose the ability to read
                  | scrolls when taking damage. [potion of mutation]
 69438 | Abyss:3  | Gained mutation: Your muscles are strong. (Str +2) [potion
                  | of mutation]
 69438 | Abyss:3  | Gained mutation: You frequently scream uncontrollably at
                  | your foes. [potion of mutation]
 69763 | Abyss:3  | Reached skill level 26 in Spellcasting
 69976 | Abyss:3  | Found a hide-covered altar of Uskayaw.
 70111 | Abyss:3  | Paralysed by accursed screaming for 1 turns
 70386 | Abyss:3  | Noticed a dread lich
 70402 | Abyss:3  | Killed a dread lich
 70513 | Abyss:3  | Got an abyssal rune of Zot
 70519 | Abyss:3  | Noticed a dread lich
 70526 | Abyss:3  | Killed a dread lich
 70644 | Abyss:3  | Gained mutation: You have hidden genetic defects. [a
                  | neqoxec]
 70646 | Abyss:3  | Gained mutation: You are frail. (-10% HP) [a neqoxec]
 70653 | Abyss:3  | Gained mutation: You have terrible hidden genetic defects.
                  | [a neqoxec]
 70655 | Abyss:3  | Lost mutation: You have terrible hidden genetic defects.
                  | [potion of mutation]
 70655 | Abyss:3  | Lost mutation: You have hidden genetic defects. [potion of
                  | mutation]
 70655 | Abyss:3  | Gained mutation: You are mostly covered in iridescent
                  | scales. (AC +4) [potion of mutation]
 70655 | Abyss:3  | Gained mutation: You have a pair of small horns on your
                  | head. [potion of mutation]
 70656 | Abyss:3  | Lost mutation: You are frail. (-10% HP) [potion of
                  | mutation]
 70656 | Abyss:3  | Lost mutation: You have a pair of small horns on your head.
                  | [potion of mutation]
 70656 | Abyss:3  | Lost mutation: You are mostly covered in iridescent scales.
                  | (AC +4) [potion of mutation]
 70656 | Abyss:3  | Gained mutation: You expend health (3 HP) to strengthen
                  | your wands. [potion of mutation]
 71575 | Depths:2 | Escaped the Abyss
 71740 | Zot:5    | Entered Level 5 of the Realm of Zot
 71871 | Zot:5    | Noticed an orb of fire
 71871 | Zot:5    | Noticed a Killer Klown
 71882 | Zot:5    | HP: 8/213 [Orb Guardian (44)]
 71889 | Zot:5    | Mangled by an Orb Guardian

Illustrated notes

Levels and vault maps discovered:
D:1:      heliophobic_arrival_glass_houses, layout_loops_ring
D:2:      layout_basic, uniq_terence
D:3:      minmay_door_path, layout_basic, uniq_jessica
D:4:      mumra_celtic_spiral_tile, layout_basic, gup_sewer_entry_bubbles
D:5:      layout_basic, minmay_temple_entry_purple_smoke
D:6:      layout_rooms, led_xom_imps
D:7:      layout_basic
D:8:      layout_loops_cross, dpeg_oklobed_lair, minmay_strange_pillars,
          hex_large, nzn_life_drinkers, uniq_harold
D:9:      layout_irregular_city, elyvilon_altar_3, uniq_erica
D:10:     layout_small_grid, minmay_misc_feat_five,
          minmay_misc_feat_four_crosses, minivault_28, uniq_sonja
D:11:     layout_stronghold, minivault_21, hangedman_minor_magic
D:12:     layout_loops_ring, special_room [special_room_orc], sword_in_stone,
          uniq_jorgrun, uniq_josephine, uniq_maurice
D:13:     minmay_curly_fans, layout_long_grid, lightli_vaults_fourway_checkpoint
D:14:     layout_roguey, gauntlet_entry_generic, minmay_parallelograms,
          nicolae_concentric_dashed_squares_mild
D:15:     gammafunk_enter_depths_forms, layout_long_grid, lemuel_doored_altar,
          nicolae_yredelemnul_ghost_church, uniq_agnes
Temple:   mainiacjoe_temple_cubbyholes
Lair:1:   layout_chaotic_city, gammafunk_ghost_berserking_beasts, st_stairs_3,
          minmay_stone_trees_large
Lair:2:   beast_lair_carwin_large_4, layout_long_grid, portal_ice_cave_rime
Lair:3:   layout_cave_pods, minmay_snake_entry_six_corridors,
          lemuel_centaur_altar
Lair:4:   layout_cave_pods, minmay_shoals_entry_lonely_mermaid, uniq_nergalle
Lair:5:   layout_regular_city, grunt_megastairs_2, lemuel_fruit_fields,
          serial_bayou_shore_b
Lair:6:   wormcave, layout_hall_layers, dpeg_slime_entry_enclosed_altar,
          serial_bayou_shore_a, infiniplex_staircase_pool_2, lemuel_fruit_tree,
          uniq_kirke
Shoals:1: layout_shoals, nicolae_shoals_lost_giant_hut
Shoals:2: layout_shoals, serial_shops, nicolae_shop_waterfront,
          nicolae_shoals_loop_pool, uniq_ilsuiw
Shoals:3: layout_shoals, hangedman_shoal_volcano
Shoals:4: shoals_end_grunt_garden, layout_shoals, uniq_mara
Snake:1:  layout_chambers
Snake:2:  layout_chambers, minmay_shop_grove, serial_bayou_shore_b, uniq_aizul,
          uniq_vashnia, uniq_nikola
Snake:3:  layout_layer_cave, serial_bayou_lagoon_b
Snake:4:  snake_pit, layout_gridlike, basic_altar, drop_trap, grunt_megastairs_5
Slime:1:  layout_caves
Slime:2:  layout_caves
Slime:3:  layout_caves, nicolae_slime_barrier, uniq_dissolution
Slime:4:  layout_caves, basic_altar
Slime:5
Orc:1:    layout_diamond_mine, uniq_urug
Orc:2:    pubby_orc_utopia, uniq_erolcha
Elf:1:    layout_loops_cross, serial_shops, nicolae_take_the_stairs,
          portal_desolation_entry_nicolae_nacl, evilmike_minifort, uniq_louise,
          uniq_frances
Elf:2:    elven_hall_of_blades_hangedman_alternative
          [nicolae_blade_entry_pointy_end], layout_loops_ring
Elf:3:    elf_hall, layout_loops_cross
Vaults:1: hellmonk_ghost_big_iron, vaults_room_fours, dpeg_vaults_waves,
          ontoclasm_vaults_ring_square, nicolae_vaults_little_squares_6,
          nicolae_vaults_theta, nicolae_vaults_network_periphery,
          vaults_dpeg_encased_lava, vaults_room_stairs_pillars,
          layout_vaults_omnigrid, serial_shops, bzr_firewalk
Vaults:2: v_alt_pattern_2, minmay_crypt_entry_skeletal_spiral,
          grunt_vaults_funnel, hangedman_vaults_slither,
          nicolae_vaults_triangles, nicolae_vaults_little_squares_3,
          vaults_room_pools, not_door_vault_mu,
          nicolae_vaults_diagonal_hallway_9, ontoclasm_vaults_twist,
          vaults_room_boxed, st_hourglassy, nicolae_vaults_network_quinsquares
          [nicolae_vaults_network_quincunx_subvault,
          nicolae_vaults_network_quincunx_subvault,
          nicolae_vaults_network_quincunx_subvault,
          nicolae_vaults_network_quincunx_subvault],
          nicolae_vaults_specimen_jars, vaults_dpeg_ring, nicolae_vaults_theta,
          layout_vaults_ring
Vaults:3: vaults_room_fancy_cross, nicolae_vaults_little_squares_2, door_vault,
          hangedman_vaults_slice, v_misc_12, hangedman_vaults_hat,
          nicolae_vaults_alarming, vaults_standard_mumra_x,
          nicolae_vaults_little_squares_3, v_misc_3, vaults_room_hallway,
          nicolae_vaults_little_squares_4, layout_vaults_maze_bifur
Vaults:4: nicolae_vaults_network_square, v_alt_pattern_1,
          hangedman_vaults_cutoff, nicolae_vaults_circle_grid_b,
          nicolae_vaults_diagonal_hallway_9, hangedman_vaults_trim,
          hangedman_vaults_maws, nicolae_vaults_mini_display_case,
          vaults_room_corners, vaults_dpeg_hooks, special_room_vaults
          [special_room_orc], layout_vaults_omnicross, serial_shops, shop
Vaults:5: uniq_xtahua, uniq_jory, uniq_mennas, uniq_boris, uniq_saint_roka,
          uniq_sojobo
Crypt:1:  layout_gridlike, st_vampire_maze, grunt_crypt_arrival_split,
          grunt_megastairs_4
Crypt:2:  layout_chaotic_city, lemuel_mausoleum_altar_kikubaaqudgha
Crypt:3:  quadcrypt_mu
Depths:1: layout_basic, serial_shops, nicolae_shop_hallway_stairs,
          hangedman_coc_ice_floe, nicolae_concentric_dashed_squares_wild,
          lemuel_old_faithful
Depths:2: minmay_the_grid_triangle_9x9_rhombus_full
          [minmay_the_grid_triangle_9x9_stretched_checkered,
          minmay_the_grid_triangle_9x9_steps,
          minmay_the_grid_triangle_9x9_corrupted_corridor,
          minmay_the_grid_triangle_9x9_shrine,
          minmay_the_grid_triangle_9x9_corruption,
          minmay_the_grid_triangle_9x9_fully_insulated_deathbox,
          minmay_the_grid_triangle_9x9_semitri,
          minmay_the_grid_triangle_9x9_prize_insulated], layout_cave_shapes,
          serial_bayou_ford_a, abyss_entry_flame_altar, rand_demon_pan_entry_9,
          hell_entry, okawaru_ov_weapons_minmay
Depths:3: minmay_ambush_box, layout_gridville,
          minmay_staircase_statues_hall_large, abyss_entry_small_statue_room,
          hellmouth_1, minmay_shop_star, uniq_margery
Depths:4: evilmike_zot_entry_basic, layout_gridlike, enter_ziggurat_f,
          grunt_hell_entry_dis_grunt, minmay_stone_trees_small, nicolae_sextant,
          worldfamousw_hep_ancestral_shrine
Zot:1:    ebering_greatest_show_in_zot, layout_concentric_octagons
Zot:2:    layout_onion, hangedman_zot_spectrum
Zot:3:    kennysheep_blocky_hall, layout_basic, st_single_dragon_hoard_2,
          serial_nicolae_subway, nicolae_sub_station_crystal,
          nicolae_sub_station_stone, nicolae_sub_station_metal
Zot:4:    layout_concentric_octagons
Zot:5:    layout_misc_corridors

Skill      XL: |  1  2  3  4  5  6  7  8  9 10 11 12 13 14 15 16 17 18 19 20 21 22 23 24 25 26 27 |
---------------+----------------------------------------------------------------------------------+-----
Fighting       | 1 2 3 4 5 7 9 10 11 13 14 15 16 18 19 20 21 22 | 22.7
Armour         | 1 2 3 4 5 6 7 8 9 10 11 12 13 14 15 19 | 19.8
Spellcasting   | 3 4 5 6 7 8 9 10 11 13 14 15 16 17 19 20 21 22 26 | 26.4
Dodging        | 3 4 5 6 7 8 9 10 11 12 13 14 15 | 15.0
Invocations    | 3 6 9 11 13 | 13.0
Bows           | 1 3 4 6 7 |  7.1
Staves         | 3 6 9 10 12 | 12.0
Evocations     | 2 5 7 8 10 11 | 11.0
Shields        | 3 4 14 | 14.4
Polearms       | 2 7 12 | 12.2
Stealth        | |  1.5

Action                   |  1- 3 |  4- 6 |  7- 9 | 10-12 | 13-15 | 16-18 | 19-21 | 22-24 | 25-27 || total
-------------------------+-------+-------+-------+-------+-------+-------+-------+-------+-------++-------
Melee: Short sword       |    19 |       |       |       |       |       |       |       |       ||    19
       Dagger            |    22 |       |       |       |       |       |       |       |       ||    22
       Staff             |       |    23 |       |     2 |     1 |       |    20 |    13 |   124 ||   183
       Falchion          |       |     6 |   130 |    23 |    76 |     7 |       |       |       ||   242
       Lajatang          |       |       |       |       |       |       |     1 |       |       ||     1
       Trishula          |       |       |       |       |       |       |       |       |  2525 ||  2525
 Fire: Shortbow          |       |       |       |       |   364 |   292 |   362 |       |       ||  1018
Throw: Dart              |       |       |     3 |     2 |     5 |     9 |     2 |     2 |       ||    23
       Throwing net      |       |       |       |       |     1 |       |       |       |       ||     1
       Javelin           |       |       |       |       |       |       |       |     1 |     1 ||     2
 Cast: Foxfire           |    28 |    81 |    59 |   140 |    42 |     3 |     1 |     4 |     4 ||   362
       Scorch            |     2 |    20 |    49 |   117 |    61 |    68 |    56 |   171 |   209 ||   753
       Wereblood         |       |       |     5 |       |       |       |       |       |     1 ||     6
       Flame Wave        |       |       |       |    35 |    30 |    23 |    27 |    25 |    78 ||   218
       Conjure Flame     |       |       |       |     3 |       |       |       |       |       ||     3
       Borgnjor's Vile C |       |       |       |     3 |    33 |   151 |   260 |   221 |   311 ||   979
       Animate Skeleton  |       |       |       |     2 |       |    12 |     7 |       |    69 ||    90
       Freezing Cloud    |       |       |       |       |   148 |   152 |   238 |   159 |   207 ||   904
       Simulacrum        |       |       |       |       |     1 |       |       |       |    61 ||    62
       Conjure Ball Ligh |       |       |       |       |       |       |     5 |     6 |     4 ||    15
       Death Channel     |       |       |       |       |       |       |     2 |    15 |    68 ||    85
       Call Canine Famil |       |       |       |       |       |       |     2 |     1 |     2 ||     5
       Inner Flame       |       |       |       |       |       |       |     1 |       |       ||     1
       Lehudib's Crystal |       |       |       |       |       |       |       |    70 |   289 ||   359
       Dragon Form       |       |       |       |       |       |       |       |     1 |       ||     1
       Lesser Beckoning  |       |       |       |       |       |       |       |       |     1 ||     1
       Polar Vortex      |       |       |       |       |       |       |       |       |     1 ||     1
Invok: Lesser Servant of |       |       |       |       |       |       |       |     1 |     1 ||     2
       Major Destruction |       |       |       |       |       |       |       |     1 |       ||     1
       Greater Servant o |       |       |       |       |       |       |       |       |     2 ||     2
 Abil: Evoke the Staff o |       |       |       |       |       |       |    63 |   219 |   330 ||   612
       End Transformatio |       |       |       |       |       |       |       |     1 |       ||     1
Evoke: Wand              |       |       |     1 |     6 |       |       |     2 |     1 |     6 ||    16
       Box of beasts     |       |       |       |       |       |       |       |       |     1 ||     1
       Condenser vane    |       |       |       |       |       |       |       |       |     1 ||     1
       Lightning rod     |       |       |       |       |       |       |       |       |     1 ||     1
  Use: Potion            |       |       |     1 |     2 |     1 |     3 |     1 |     3 |    27 ||    38
       Scroll            |       |       |     9 |     8 |    10 |     3 |     9 |     7 |    30 ||    76
 Stab: Sleeping          |     1 |       |     3 |       |     2 |       |       |       |    11 ||    17
       Distracted        |       |       |       |       |       |       |       |       |    19 ||    19
Armor: Robe              |    16 |    13 |     3 |       |       |       |       |       |       ||    32
       Leather armour    |       |       |    28 |       |       |       |       |       |       ||    28
       Steam dragon scal |       |       |    50 |    44 |    34 |       |       |       |       ||   128
       Chain mail        |       |       |       |       |    29 |   153 |    86 |       |       ||   268
       Ice dragon scales |       |       |       |       |       |       |    35 |   113 |  1028 ||  1176
Dodge: Dodged            |    32 |    25 |   139 |    99 |   139 |   135 |   223 |   217 |  1355 ||  2364
Block: Other             |       |       |       |    19 |    43 |    41 |       |       |       ||   103
       Reflection        |       |       |       |     1 |     5 |    20 |       |       |       ||    26
       Buckler           |       |       |       |       |       |       |    12 |   100 |   744 ||   856
       Kite shield       |       |       |       |       |       |       |       |       |   324 ||   324

Table legend: (Time is in decaauts)
 A = Elapsed time spent in this place.
 B = Non-inter-level travel time spent in this place.
 C = Inter-level travel time spent in this place.
 D = Time resting spent in this place.
 E = Time spent auto-exploring this place.
 F = Levels seen in this place.
 G = Mean time per level.
                   A        B        C        D        E       F      G
               +--------+--------+--------+--------+--------+-----+--------+
         Total |  71059 |  63523 |   7536 |   4887 |  31679 |  63 | 1127.9 |
       Dungeon |  17185 |  14808 |   2377 |   1976 |   8417 |  15 | 1145.7 |
        Temple |    115 |    115 |      0 |      0 |      0 |   1 |  115.0 |
          Lair |   9403 |   8017 |   1386 |    978 |   4283 |   6 | 1567.2 |
        Shoals |   4533 |   4229 |    304 |    206 |   2696 |   4 | 1133.2 |
     Snake Pit |   5292 |   5116 |    176 |    298 |   3548 |   4 | 1323.0 |
    Slime Pits |   1124 |    997 |    127 |     90 |    231 |   5 |  224.8 |
  Orcish Mines |   2885 |   2568 |    317 |    326 |   1238 |   2 | 1442.5 |
   Elven Halls |   3460 |   3222 |    238 |     39 |   1805 |   3 | 1153.3 |
        Vaults |   8352 |   7411 |    941 |    157 |   2999 |   5 | 1670.4 |
         Crypt |   3670 |   3442 |    228 |     21 |   1361 |   3 | 1223.3 |
        Depths |   6394 |   5189 |   1205 |    168 |   2514 |   4 | 1598.5 |
           Zot |   3843 |   3610 |    233 |     38 |   1374 |   5 |  768.6 |
         Abyss |   4338 |   4338 |      0 |    414 |   1213 |   3 | 1446.0 |
        Bazaar |     94 |     94 |      0 |      0 |      0 |   1 |   94.0 |
         Sewer |    318 |    318 |      0 |    175 |      0 |   1 |  318.0 |
    Desolation |     44 |     44 |      0 |      0 |      0 |   1 |   44.0 |
               +--------+--------+--------+--------+--------+-----+--------+

Top non-repeatable levels by time:
 Abyss:3: 3527 daAuts
   Orc:2: 2387 daAuts
Vaults:2: 2184 daAuts
Depths:2: 2162 daAuts
     D:8: 1815 daAuts
  Lair:6: 1774 daAuts
Vaults:5: 1741 daAuts
  Lair:3: 1724 daAuts
  Lair:1: 1665 daAuts
 Crypt:3: 1659 daAuts
Vaults:1: 1643 daAuts
  Lair:2: 1636 daAuts
Depths:1: 1602 daAuts
  Lair:4: 1513 daAuts
    D:15: 1503 daAuts
